Description

A build order guide for TvP that LowkoTV posted on youtube in 2017

VOD

https://www.youtube.com/watch?v=KK4Trit-MvE&t=668s

Build Order

Get SALT Encoding   

  12  0:00  SCV  
  14  0:18  Supply Depot  
  15  0:30  Refinery  put 3 SCVs on Refinery
  16  0:45  Barracks  1 Marine when it finishes
  20  1:32  Orbital Command  
  20  1:44  Command Center  
  20  1:51  Barracks Reactor  Start non-stop Marine production
  20  2:00  Factory  
  21  2:09  Supply Depot  
  22  2:17  Refinery  
  28  2:44  Starport, Widow Mine x2  Viking when it finishes, To deal with Oracle or early harass
  31  2:59  Orbital Command  
  39  3:29  Viking, Barracks x2  
  39  3:45  Factory Tech Lab  Transfer to Barracks when finished
  39  3:46  Starport Tech Lab  Transfer to Barracks when finished
  41  3:48  Engineering Bay  
  45  4:08  Starport Tech Lab, Factory Tech Lab  2 Widow Mines when done, 2 Medivacs when done
  45  4:15  Terran Infantry Weapons Level 1  
  49  4:18  Barracks Tech Lab x2  Transfer to the pre-built tech labs
  50  4:24  Stimpack  
  50  4:25  Combat Shield  
  61  4:56  Medivac x2  
  69  5:09  Widow Mine x2  
  81  5:45  Action  Timing attack. The goal is to reach the enemy base right as stim, shields and +1 weapons finish. Pushing out about a half minute before those get done.
Spawning Tool Build Advisor. Get it on Overwolf

Go to:

Details

  • Created by: DrFeels
  • Published on: Jun 07, 2024
  • Modified on: Jun 07, 2024
  • Patch: 5.0.11
  • Difficulty: Medium
Show
View Real Time Build Order
Export as new Build Order

Comments (1)

On June 10, 2024, 3:08 p.m., mnebeling  said:

Step 45 should probably read Starport Reactor, Factory Reactor. It's also missing a few depots in the later stages. Both are easy to fix.

Create an account to comment!